 Dungeon Crawl Stone Soup version 0.31.0-11-ge490571c62 (webtiles) character file.

Game seed: 1425423365274688570

13 Esekla the Grave Robber (level 2, -1/18 HPs)
             Began as an Octopode Necromancer on Feb 2, 2024.
             Slain by a hobgoblin (3 damage)
             ... on level 1 of the Dungeon.
             The game lasted 00:01:59 (199 turns).

Esekla the Grave Robber (Octopode Necromancer)       Turns: 199, Time: 00:02:00

Health: -1/18      AC:  1    Str:  7    XL:     2   Next: 37%
Magic:  5/5        EV: 13    Int: 17    God:
Gold:   32         SH:  0    Dex: 12    Spells: 4/5 levels left

rFire   . . .        g - +0 dagger
rCold   . . .        (no shield)
rNeg    . . .        (helmet restricted)
rPois   .            (no amulet)
rElec   .            d - ring of wizardry
rCorr   .            (no ring)
SInv    .            (no ring)
Will    .....        (no ring)
Stlth   +++          (no ring)
HPRegen 0.23/turn    (no ring)
MPRegen 0.09/turn    (no ring)
                     (no ring)

%: wizardry (x1)
@: no status effects
A: almost no armour, amphibious, 8 rings, camouflage 1, gelatinous body 1,
(nimble swimmer 1), tentacles
a: no special abilities


You were on level 1 of the Dungeon.
You visited 1 branch of the dungeon, and saw 1 of its levels.

You collected 32 gold pieces.

Inventory:

Hand Weapons
 e - a +0 spear
 g - a +0 dagger (weapon)
Jewellery
 d - a ring of wizardry (left tentacle)
Scrolls
 b - a scroll of identify {unknown}
 h - a scroll of poison {unknown}
Potions
 a - a potion of magic
 c - a potion of curing {unknown}
 f - a potion of brilliance {unknown}


   Skills:
 * Level 0.4 Fighting
 + Level 2.0 Dodging
 + Level 2.7 Stealth
 * Level 2.1 Spellcasting
 + Level 4.4 Necromancy


You had 4 spell levels left.
You knew the following spells:

 Your Spells              Type           Power      Damage    Failure   Level
a - Necrotise             Necr           64%        1d7       1%          1

Your spell library contained the following spells:

 Spells                   Type           Power      Damage    Failure   Level
 Vampiric Draining        Necr           16%        2d7       4%          3
 Animate Dead             Necr           16%        N/A       12%         4
 Curse of Agony           Necr           16%        N/A       32%         5


Dungeon Overview and Level Annotations

Branches:
Dungeon (1/15)

Altars:


Innate Abilities, Weirdness & Mutations

You cannot wear most types of armour.
You are amphibious.
You can wear up to eight rings at the same time.
Your skin changes colour to match your surroundings (Stealth+).
Your rubbery body absorbs attacks. (AC +1, EV +1)
((You are camouflaged when in or above water. (Stealth+)))
You have tentacles for arms and can constrict up to eight enemies at once.


Message History

You closely miss the kobold. You grab the kobold. You constrict the kobold.
The kobold closely misses you.
You hit the kobold. You squeeze the kobold.
You kill the kobold!
You closely miss the ball python. Your grab misses the ball python.
The ball python bites you.
* * * LOW HITPOINT WARNING * * *
The ball python grabs you. The ball python constricts you.
* * * LOW HITPOINT WARNING * * *
You hit the ball python. Your grab misses the ball python.
The ball python is severely wounded.
The ball python barely misses you. The ball python constricts you.
* * * LOW HITPOINT WARNING * * *
The ball python bites you.
* * * LOW HITPOINT WARNING * * *
The ball python constricts you.
You barely miss the ball python. You grab the ball python.
The ball python is heavily wounded.
You constrict the ball python. The ball python barely misses you.
The ball python constricts you.
You hit the ball python but do no damage.
You squeeze the ball python.
You kill the ball python!
You hit the dart slug. You grab the dart slug.
The dart slug is moderately wounded.
You constrict the dart slug. The dart slug barely misses you.
You hit the dart slug.
The dart slug is severely wounded.
You constrict the dart slug. You hit the dart slug.
You squeeze the dart slug, but do no damage.
The dart slug is almost dead.
You constrict the dart slug.
You kill the dart slug!
You hit the hobgoblin but do no damage. You grab the hobgoblin.
You squeeze the hobgoblin.
The hobgoblin is moderately wounded.
You constrict the hobgoblin, but do no damage.
The hobgoblin hits you.
You die...

..# #........###w##..###
..###### .#.............##
..##... #.......#..####
..##.######...........#
......................#
................#g#...#
....#.....#.###..S#...#
......(...#.###g###.###
................@##.#####
...##....†#.............##
...##.....#..............##
#####.............>.......#
#.....................#
#.....................#
######................#
#................#
#................#


You could see a hobgoblin.

Vanquished Creatures
  A dart slug (D:1)
  A ball python (D:1)
  A bat (D:1)
  A goblin (D:1)
  2 hobgoblins (D:1)
  A kobold (D:1)
  A quokka (D:1)
  A rat (D:1)
9 creatures vanquished.

Notes
Turn   | Place    | Note
-------+----------+-------------------------------------------
     0 | D:1      | Esekla the Octopode Necromancer began the quest for the
                  | Orb.
     0 | D:1      | Reached XP level 1. HP: 11/11 MP: 3/3
   190 | D:1      | Reached XP level 2. HP: 5/18 MP: 5/5
   199 | D:1      | Slain by a hobgoblin

Illustrated notes

Levels and vault maps discovered:
D:1:      wander_arrival_lonely_grave, layout_rooms, nrook_mini_backslash

Action                     || total
---------------------------++-------
  Melee: Spear             ||    10
         Dagger            ||    18
         Constrict         ||    10
         Unarmed           ||     5
         Tentacles         ||     7
 Armour: Skin              ||    16
  Dodge: Dodged            ||    25
